 Dungeon Crawl Stone Soup version 0.30-a0-743-gbfdf073431 (webtiles) character file.

Game seed: 17436749593138053053

52 Bitman the Shield-Bearer (level 3, -1/33 HPs)
             Began as a Minotaur Fighter on Feb 6, 2023.
             Slain by a gnoll
             ... wielding a +0 halberd
              (5 damage)
             ... on level 2 of the Dungeon.
             The game lasted 00:03:22 (1227 turns).

Bitman the Shield-Bearer (Minotaur Fighter)         Turns: 1227, Time: 00:03:23

Health: -1/33      AC:  7    Str: 22    XL:     3   Next: 60%
Magic:  2/2        EV:  9    Int:  5    God:
Gold:   58         SH:  5    Dex: 15    Spells: 2/2 levels left

rFire   . . .      SeeInvis .    a - +0 war axe
rCold   . . .      Faith    .    c - +0 buckler
rNeg    . . .      Spirit   .    b - +0 scale mail
rPois   .          Reflect  .    (helmet restricted)
rElec   .          Harm     .    (no cloak)
rCorr   .          Rampage  .    (no gloves)
Will    .....                    (no boots) Stlth
                                 (no amulet)
HPRegen 0.25/turn                j - +6 ring of dexterity
MPRegen 0.08/turn                (no ring)

@: mighty
A: horns 2, retaliatory headbutt
a: no special abilities


You were on level 2 of the Dungeon.
You visited 1 branch of the dungeon, and saw 3 of its levels.

You collected 58 gold pieces.

Inventory:

Hand Weapons
 a - a +0 war axe (weapon)
Missiles
 m - 4 boomerangs (quivered)
 o - 6 javelins
Armour
 b - a +0 scale mail (worn)
 c - a +0 buckler (worn)
Jewellery
 j - a +6 ring of dexterity (left hand)
Scrolls
 f - 2 scrolls of teleportation {unknown}
 h - a scroll of brand weapon {unknown}
 i - a scroll of identify {unknown}
 k - a scroll of summoning {unknown}
 l - 2 scrolls of enchant weapon {unknown}
Potions
 e - 3 potions of heal wounds {unknown}
 g - a potion of lignification {unknown}
 n - a potion of mutation {unknown}


   Skills:
 + Level 4.0 Fighting
 * Level 3.2 Axes
 + Level 0.5 Throwing
 + Level 4.0 Armour
 + Level 0.6 Dodging
 + Level 4.1 Shields


You had 2 spell levels left.
You didn't know any spells.
Your spell library contained the following spells:

 Spells                   Type           Power      Damage    Failure   Level
 Vhi's Electric Charge    Tloc/Air       0%         N/A       99%         3
 Arcjolt                  Conj/Air       0%         1d10      100%        5
 Maxwell's Capacitive Co  Air            0%         ∞         100%        8


Dungeon Overview and Level Annotations

Branches:
Dungeon (3/15)

Altars:

Shops:
D:1 [


Innate Abilities, Weirdness & Mutations

You have a pair of horns on your head.
You reflexively headbutt those who attack you in melee.


Message History

The gnoll shouts!
The gnoll misses you.
There is a stone staircase leading up here.
The gnoll hits you from afar with a +0 halberd!
You block the gnoll's attack.
The goblin shoots a sling bullet.
The sling bullet hits you but does no damage.
You climb upwards.
There is a stone staircase leading down here.
You climb downwards.
The hound barks!
You block the gnoll's attack. The gnoll hits you with a +0 club.
The gnoll hits you but does no damage.
There is a stone staircase leading up here.
The gnoll barely misses you. The gnoll hits you but does no damage.
The gnoll barely misses you. You block the kobold's attack.
You climb upwards.
There is a stone staircase leading down here.
You hit the gnoll. You headbutt the gnoll!
You kill the gnoll!
You hit the kobold but do no damage. The kobold hits you but does no damage.
You hit the kobold but do no damage. Your headbutt misses the kobold.
The kobold hits you with a +0 club.
You barely miss the kobold.
The kobold hits you but does no damage. x2
You hit the kobold. You headbutt the kobold.
You kill the kobold!
No target in view!
You start resting.
HP restored.
You climb downwards.
The hound closely misses you. The gnoll hits you with a +0 halberd!
The hound bites you.
There is a stone staircase leading up, spattered with blood here.
The hound closely misses you. The gnoll hits you with a +0 halberd!
The gnoll hits you from afar with a +1 vampiric spear!
* * * LOW HITPOINT WARNING * * *
You climb upwards.
There is a stone staircase leading down here.
Sorry, you're not good enough to have a special ability.
You feel very mighty all of a sudden. The hound bites you but does no damage.
The gnoll hits you with a +0 halberd.
You die...

####.....#### #.......#
............# #.......#
............######.......#
.##......................#
.##.#.....#######........######
....#.#+#.#...###........'....#
#.#.....#.....#..........####.###
.........##.###)(h..#'####.#.....
................@##.#.# #....###
.....##.......#.g.#.#.# #.#.....
#.#..##+###..###..#.#.# #.#<####
..#..........###....#.# #.#.....
#####.............###.# #.#.####
#####.†......)##..#...####.######
..............#.....#...##.#.....
#######.###......####.#.##.#.####
#######.......#.......#.##.#.#


You could see a hound and a gnoll.

Vanquished Creatures
  A gnoll (D:2)
  An adder (D:2)
  2 dart slugs
  2 ball pythons
  3 bats (D:2)
  An endoplasm (D:1)
  2 goblins (D:1)
  2 hobgoblins
  4 jackals (D:1)
  3 quokkas
  5 kobolds
26 creatures vanquished.

Notes
Turn   | Place    | Note
-------+----------+-------------------------------------------
     0 | D:1      | Bitman the Minotaur Fighter began the quest for the Orb.
     0 | D:1      | Reached XP level 1. HP: 19/19 MP: 0/0
   169 | D:1      | Reached XP level 2. HP: 25/27 MP: 1/1
   197 | D:1      | Found Wesavywu's Armour Shop.
   795 | D:2      | Reached XP level 3. HP: 33/33 MP: 2/2
  1227 | D:2      | Slain by a gnoll

Illustrated notes

Levels and vault maps discovered:
D:1:      shiori_shiawase, layout_rooms, serial_shops,
          nicolae_shop_advertising_works [nicolae_subvault_shop_adworks],
          hangedman_decor_points
D:2:      layout_basic
D:3:      layout_rooms, bloody_trog, led_sif_pool, nicolae_ecumenical_pavilion,
          serial_shops, shop_fountains, minmay_misc_feat_diagonals, uniq_sigmund

Skill      XL: |  1  2  3 |
---------------+----------+-----
Axes           | 3 |  3.2
Shields        | 4 |  4.1
Armour         | 4 |  4.0
Fighting       | 4 |  4.0
Throwing       | |  0.5
Dodging        | |  0.6

Action                     || total
---------------------------++-------
  Melee: War axe           ||    43
         Headbutt          ||     8
    Use: Potion            ||     1
 Armour: Scale mail        ||    27
  Dodge: Dodged            ||    29
  Block: Buckler           ||    14

Table legend: (Time is in decaauts)
 A = Elapsed time spent in this place.
 B = Non-inter-level travel time spent in this place.
 C = Inter-level travel time spent in this place.
 D = Time resting spent in this place.
 E = Time spent auto-exploring this place.
 F = Levels seen in this place.
 G = Mean time per level.
                   A        B        C        D        E       F      G
               +--------+--------+--------+--------+--------+-----+--------+
         Total |   1246 |   1204 |     42 |    108 |    924 |   3 |  415.3 |
       Dungeon |   1246 |   1204 |     42 |    108 |    924 |   3 |  415.3 |
               +--------+--------+--------+--------+--------+-----+--------+

Top non-repeatable levels by time:
     D:2: 715 daAuts
     D:1: 507 daAuts
     D:3: 23 daAuts
